 Dungeon Crawl Stone Soup version 0.28.0-47-ge53b351184 (webtiles) character file.

Game seed: 6143899104909891351

70 101zpm the Chiller (level 4, -3/30 HPs)
             Began as a Vampire Ice Elementalist on Apr 29, 2022.
             Slain by a hound (4 damage)
             ... on level 4 of the Dungeon.
             The game lasted 00:02:21 (1446 turns).

101zpm the Chiller (Vampire Ice Elementalist)       Turns: 1446, Time: 00:02:22

Health: -3/30      AC:  2    Str:  7    XL:     4   Next: 4%
Magic:  0/7        EV: 13    Int: 19    God:
Gold:   70         SH:  0    Dex: 14    Spells: 6/7 levels left

rFire   . . .      SeeInvis +   b - +0 short sword
rCold   . . .      Faith    .   (no shield)
rNeg    . . .      Spirit   .   a - +0 robe
rPois   .          Reflect  .   (no helmet)
rElec   .          Harm     .   (no cloak)
rCorr   .          Rampage  .   (no gloves)
Will    .....                   (no boots)
Stlth   ++........              (no amulet)
HPRegen 0.30/turn               (no ring)
MPRegen 0.10/turn               (no ring)

@: healing quickly
A: alive, fangs 3, see invisible, vampiric 2
a: Exsanguinate


You were on level 4 of the Dungeon.
You visited 1 branch of the dungeon, and saw 4 of its levels.

You collected 70 gold pieces.

Inventory:

Hand Weapons
 b - a +0 short sword (weapon)
Armour
 a - a +0 robe (worn)
Scrolls
 c - 2 scrolls of identify {unknown}
 f - a scroll of immolation {unknown}
Potions
 d - a potion of resistance {unknown}
 e - 2 potions of mutation {unknown}


   Skills:
 + Level 0.1 Short Blades
 + Level 3.1 Dodging
 + Level 3.4 Stealth
 + Level 2.4 Spellcasting
 + Level 4.7 Ice Magic


You had 6 spell levels left.
You knew the following spells:

 Your Spells              Type           Power      Damage    Failure   Level
a - Freeze                Ice            80%        1d9       2%          1

Your spell library contained the following spells:

 Spells                   Type           Power      Damage    Failure   Level
 Frozen Ramparts          Ice            40%        1d6       7%          3
 Ozocubu's Armour         Ice            20%        N/A       7%          3
 Hailstorm                Conj/Ice       11%        3d5       52%         4


Dungeon Overview and Level Annotations

Branches:
Dungeon (4/15)
 Temple: D:4-7

Altars:


Innate Abilities, Weirdness & Mutations

Your natural rate of healing is accelerated.
You have razor-sharp teeth.
You have supernaturally acute eyesight. (SInv)
You are afflicted with vampirism and can become a bat while bloodless.


Message History

The orc hits you with a +0 short sword.
You climb downwards.
The hound barks!
Found a glass wand and a puce potion.
Found a stone staircase leading down.
There is a stone staircase leading up here.
You freeze the orc.
The orc is moderately wounded.
The orc hits you with a +0 short sword.
You are too injured to fight recklessly!
Aiming: Freeze (safe; 2% risk of failure)
Press: ? - help, Q - select action Shift-Dir - straight line, f/p - orc
Aim: an orc, wielding a +0 short sword and quivering boomerangs of dispersal (moderately wounded)
You freeze the orc.
The orc is moderately wounded.
The orc hits you with a +0 short sword.
Aiming: Freeze (safe; 2% risk of failure)
Press: ? - help, Q - select action Shift-Dir - straight line, f/p - orc
Aim: an orc, wielding a +0 short sword and quivering boomerangs of dispersal (moderately wounded)
You freeze the orc.
The orc is almost dead.
The orc hits you with a +0 short sword.
* * * LOW HITPOINT WARNING * * *
Aiming: Freeze (safe; 2% risk of failure)
Press: ? - help, Q - select action Shift-Dir - straight line, f/p - orc
Aim: an orc, wielding a +0 short sword and quivering boomerangs of dispersal (almost dead)
You freeze the orc.
You kill the orc!
Aiming: Freeze (safe; 2% risk of failure)
Press: ? - help, Q - select action Shift-Dir - straight line, f - hound
Aim: a hound You freeze the hound.
The hound is lightly wounded.
The hound bites you.
* * * LOW HITPOINT WARNING * * *
The hound bites you.
* * * LOW HITPOINT WARNING * * *
You closely miss the hound.
The hound is lightly wounded.
The hound bites you.
You die...

.#. ... .
#. .# ..
.!. ####.
.#.# ...
../..
#h#.#.#.#
#@.......
###>.....
..#+# ...
... .. .


You could see a hound.

Vanquished Creatures
  An orc wizard (D:3)
  An adder (D:2)
  An orc (D:4)
  3 endoplasms
  A giant cockroach (D:2)
  3 goblins
  3 hobgoblins (D:1)
  4 jackals (D:2)
  A quokka (D:3)
  2 ball pythons (D:2)
  2 bats (D:2)
  A frilled lizard (D:2)
  5 kobolds
  4 rats
32 creatures vanquished.

Notes
Turn   | Place    | Note
-------+----------+-------------------------------------------
     0 | D:1      | 101zpm the Vampire Ice Elementalist began the quest for the
                  | Orb.
     0 | D:1      | Reached XP level 1. HP: 13/13 MP: 3/3
   405 | D:1      | Reached XP level 2. HP: 19/19 MP: 3/5
   924 | D:2      | Gained mutation: You are afflicted with vampirism and can
                  | become a bat while bloodless. [Vampire growth]
   924 | D:2      | Reached XP level 3. HP: 24/24 MP: 2/6
  1429 | D:3      | Reached XP level 4. HP: 30/30 MP: 3/7
  1445 | D:4      | HP: 1/30 [hound (4)]
  1446 | D:4      | Slain by a hound

Illustrated notes

Levels and vault maps discovered:
D:1:      dpeg_arrival_boxes_within_box, layout_loops_ring,
          shapermc_ecumenical_altar_gd, corexii_leaking_fountain,
          chequers_serial_rivers_room_b
D:2:      layout_loops_ring
D:3:      layout_basic, nicolae_vehumet_altar_sigil, minmay_joined_circles,
          uniq_sigmund
D:4:      layout_basic, gammafunk_temple_overflow_statue,
          serial_co_window_serial, co_window_of_opportunity_a,
          co_window_corner_a, co_window_paths_a, co_window_corner_a,
          co_window_paths_b, co_window_broadway_a, co_window_of_opportunity_c,
          co_window_2corner, co_window_unsneaky_path_c,
          co_window_of_opportunity_c, co_window_2corner, co_window_sun,
          glass_columns_c, glass_columns_a, glass_columns_a, glass_columns_a,
          uniq_blork_the_orc

Skill      XL: |  1  2  3 |
---------------+----------+-----
Dodging        | 3 |  3.1
Short Blades   | |  0.1
Stealth        | |  3.4
Spellcasting   | |  2.4
Ice Magic      | |  4.7

Action                   |  1- 3 |  4- 6 || total
-------------------------+-------+-------++-------
Melee: Short sword       |    26 |     2 ||    28
       Unarmed           |     2 |       ||     2
       Bite              |     3 |       ||     3
       Punch             |     1 |       ||     1
 Cast: Freeze            |    40 |     5 ||    45
Armor: Robe              |    10 |       ||    10
Dodge: Dodged            |    43 |       ||    43
